 Dungeon Crawl Stone Soup version 0.28.0-53-g5a82cb258f (webtiles) character file.

Game seed: 14833003195325441158

14 Stomo the Skirmisher (level 2, 0/19 HPs)
             Began as a Gargoyle Fighter on July 2, 2022.
             Frozen to death by an endoplasm (5 damage)
             ... on level 1 of the Dungeon.
             The game lasted 00:00:34 (512 turns).

Stomo the Skirmisher (Gargoyle Fighter)              Turns: 512, Time: 00:00:35

Health: 0/19       AC:  9    Str: 19    XL:     2   Next: 45%
Magic:  2/2        EV:  9    Int:  8    God:
Gold:   0          SH:  4    Dex:  9    Spells: 1/1 levels left

rFire   . . .      SeeInvis .   a - +0 flail
rCold   . . .      Faith    .   c - +0 buckler
rNeg    + . .      Spirit   .   b - +0 scale mail
rPois   ∞          Reflect  .   (no helmet)
rElec   +          Harm     .   (no cloak)
rCorr   .          Rampage  .   (no gloves)
Will    .....                   (no boots)
Stlth   ..........              (no amulet)
HPRegen 0.06/turn               (no ring)
MPRegen 0.08/turn               (no ring)

@: no status effects
A: sickness immunity, AC +2, negative energy resistance 1, electricity
resistance, torment resistance 1, petrification resistance
a: no special abilities


You were on level 1 of the Dungeon.
You visited 1 branch of the dungeon, and saw 1 of its levels.

Inventory:

Hand Weapons
 a - a +0 flail (weapon)
Armour
 b - a +0 scale mail (worn)
 c - a +0 buckler (worn)
Potions
 d - a potion of might


   Skills:
 + Level 3.5 Fighting
 + Level 2.2 Maces & Flails
 + Level 3.5 Armour
 + Level 3.5 Shields


You had one spell level left.
You didn't know any spells.
Your spell library was empty.

Dungeon Overview and Level Annotations

Branches:
Dungeon (1/15)

Altars:


Innate Abilities, Weirdness & Mutations

You are immune to sickness and miasma.
Your stone body is resilient. (AC +2)
You are immune to poison.
You resist negative energy. (rN+)
You are resistant to electric shocks. (rElec)
You are resistant to unholy torment.
You are immune to petrification.


Message History

No target in view!
No target in view!
No target in view!
A rat comes into view.
A rat is nearby!
A rat is nearby!
A rat is nearby! 2 goblins come into view.
The goblin shouts! x2
The rat bites you but does no damage.
A kobold comes into view. It is wielding a +0 whip.
The kobold shouts!
You sock the rat!
You kill the rat!
An endoplasm comes into view.
The endoplasm quivers.
The goblin hits you but does no damage.
You hit the goblin but do no damage. The goblin hits you but does no damage.
You block the goblin's attack.
You miss the kobold. The kobold hits you but does no damage.
The goblin hits you but does no damage. x2; The kobold completely misses you.
You closely miss the kobold. The goblin closely misses you.
The goblin hits you but does no damage. The kobold closely misses you.
The goblin closely misses you.
You barely miss the kobold. The goblin hits you with a +0 dagger.
The endoplasm jiggles.
The endoplasm freezes you.
You are frozen.
The kobold hits you with a +0 whip. The goblin hits you but does no damage.
The goblin barely misses you. The endoplasm freezes you.
You are frozen.
The kobold closely misses you.
The goblin hits you but does no damage. x2
The endoplasm freezes you.
You are frozen.
* * * LOW HITPOINT WARNING * * *
You barely miss the goblin. The kobold hits you but does no damage.
The goblin barely misses you. The goblin misses you. The endoplasm freezes you.
You are frozen.
You die...

..≈..#.....#
#.#....
#...####...
#.#.... ##.##
## #..#
#...... ....#
###.... #J..#
#.... #...#
###.# #...#
###.#
#########...#
#...#
......K@g...#
#.###
......g.J.#.#
#.#
..#######.#.#
#.# #.#..#
#>#
###.###.##
#.# ..# ##.#
####.#
###.###.##
#....# #.#.##
#.#### #.##
#.#


You could see an endoplasm, 2 goblins and a kobold.

Vanquished Creatures
  A dart slug (D:1)
  4 endoplasms (D:1)
  A giant cockroach (D:1)
  A hobgoblin (D:1)
  A kobold (D:1)
  3 rats (D:1)
11 creatures vanquished.

Notes
Turn   | Place    | Note
-------+----------+-------------------------------------------
     0 | D:1      | Stomo the Gargoyle Fighter began the quest for the Orb.
     0 | D:1      | Reached XP level 1. HP: 14/14 MP: 1/1
   179 | D:1      | Reached XP level 2. HP: 12/19 MP: 2/2
   512 | D:1      | Frozen to death by an endoplasm

Illustrated notes

Levels and vault maps discovered:
D:1:      eino_arrival_water_star, layout_loops_ring

Action                   || total
-------------------------++-------
Melee: Flail             ||    29
Armor: Scale mail        ||    20
Dodge: Dodged            ||    15
Block: Buckler           ||     3
